cohdb
Replays
Latest Replays
All Replays
Popular Replays
Top Player Replays
Match Explorer
How It Works
Community
CoH3 Stats
Reddit
Sign in to upload your games and track your stats! →
Sign in with Steam
Match 39682814
Unlisted
Match 39682814
Overview
Messages
Build Orders
End
250 Light Carrier
Selects Panzerjäger Kommand Battlegroup
Selects Blockade Equipment
Panzergrenadier Squad
Panzergrenadier Squad
Construct Light Support Kompanie
MG34 Team
Selects Tank Busters
Fire Support Elements
Panzerjäger Mechanized Group
Selects Crew Shock Tactics
250 Light Carrier
2.5-tonne Medical Truck
Forward Retreat Point
Construct Panzerarmee Kommand
Panzer III L Medium Tank
Vehicle Survival Package
Tungsten Core Ammunition
Panzerpioneer Squad
Assault Grenadier Squad
Selects Elefant Tank Destroyer
Elefant Tank Destroyer
Armored Reserves
AI Takeover
つ ◕◕ ༽つ MoDi
killall
力尽关山未解围
马癫疯
gks5253
B4
TCA星辰大海
GiggityGiggity
0
0
Comments
sign in to comment!
No comments posted yet!